 Dungeon Crawl Stone Soup version 0.23.2-1-ga50397a6bc (webtiles) character file.

Game seed: 3694690553921108007

140 MachJacob the Charmwright (level 5, 0/45 HPs)
             Began as a Draconian Skald on May 4, 2019.
             Was a Follower of Yredelemnul.
             Succumbed to a worker ant's poison
             ... on level 3 of the Dungeon.
             The game lasted 00:13:58 (2767 turns).

MachJacob the Charmwright (Draconian Skald)         Turns: 2767, Time: 00:13:59

Health: 0/45       AC:  7    Str: 13    XL:     5   Next: 2%
Magic:  0/9        EV: 12    Int: 15    God:    Yredelemnul [*.....]
Gold:   126        SH:  0    Dex: 10    Spells: 3/9 levels left

rFire    . . .     SeeInvis .   a - +0 spear
rCold    . . .     Gourm    .   (no shield)
rNeg     . . .     Faith    .   (armour unavailable)
rPois    .         Spirit   .   (helmet restricted)
rElec    .         Reflect  .   j - +0 cloak
rCorr    .         Harm     .   (no gloves)
MR       .....                  p - +0 pair of boots (curse)
Stlth    +.........             (no amulet)
HPRegen  0.15/turn              (no ring)
MPRegen  0.11/turn              (no ring)

@: lethally poisoned (0 -> -1), singing (expiring), lightly drained
A: unfitting armour, cold-blooded, AC +5
a: Animate Remains, Renounce Religion


You were on level 3 of the Dungeon.
You worshipped Yredelemnul.
Yredelemnul was aware of your devotion.
You were not hungry.

You visited 1 branch of the dungeon, and saw 3 of its levels.

You collected 126 gold pieces.

Inventory:

Hand Weapons
 a - a +0 spear (weapon)
 b - a +0 hunting sling
 v - a +0 trident
Missiles
 n - 80 stones (quivered)
Armour
 j - a +0 cloak (worn)
 p - a cursed +0 pair of boots (worn)
Jewellery
 h - an uncursed ring of see invisible {unknown}
 s - an uncursed ring of fire {unknown}
Wands
 t - a wand of polymorph (15)
Scrolls
 d - 3 scrolls of remove curse {unknown}
 l - 2 scrolls of amnesia {unknown}
 m - 4 scrolls of identify {unknown}
 q - a scroll of magic mapping {unknown}
 r - a scroll of blinking {unknown}
Potions
 e - 2 potions of heal wounds {unknown}
 f - 2 potions of invisibility {unknown}
 g - 2 potions of cancellation {unknown}
 i - a potion of magic {unknown}
 k - a potion of curing {unknown}
 o - a potion of brilliance {unknown}
Comestibles
 c - 4 rations
 u - 10 chunks of flesh


   Skills:
 + Level 3.3(3.0) Fighting
 + Level 3.1(2.8) Polearms
 - Level 2.1(1.8) Dodging
 + Level 2.9(2.6) Spellcasting
 + Level 3.4(3.1) Charms
 + Level 0.4(0.1) Necromancy


You had 3 spell levels left.
You knew the following spells:

 Your Spells              Type           Power        Failure   Level  Hunger
a - Infusion              Chrm           ##..         6%          1    #......
b - Song of Slaying       Chrm           ##......     9%          2    ##.....
c - Regeneration          Chrm/Necr      #.........   32%         3    ###....

Your spell library contained the following spells:

 Spells                   Type           Power        Failure   Level  Hunger
 Shroud of Golubria       Chrm/Tloc      #.........   17%         2    ##.....
 Spectral Weapon          Hex/Chrm       #.......     32%         3    ###....


Dungeon Overview and Level Annotations

Branches:
Dungeon (3/15)

Altars:
Cheibriados
Dithmenos
Fedhas
Wu Jian
Yredelemnul


Innate Abilities, Weirdness & Mutations

Your plain brown scales are hard. (AC +5)
You cannot fit into any form of body armour.
You are cold-blooded and may be slowed by cold attacks.


Message History

The orc barely misses you.
You hit the orc.
Your tail-slap misses the orc.
The orc is heavily wounded.
Your song is almost over.
* * * LOW HITPOINT WARNING * * *
You feel sick.
You hit the orc!
You kill the orc!
Yredelemnul accepts your kill.
You have reached level 5!
You hit the orc. You tail-slap the orc.
You kill the orc!
Yredelemnul accepts your kill.
You are no longer magically infusing your attacks.
You don't have enough magic at the moment.
You closely miss the orc priest. You puncture the orc priest!
The orc priest is heavily wounded.
You die...
Your body rises from the dead as a mindless zombie.

## ##.........##..........(... #
##.....#.......#......(..... #
##...........#.#.....#.......
#####............oo..............
..............#.o.........###.
##......#####..#...#.####
#........o)o.....#...#
######........##@.....#..##
#............###...........
............## #............
...........## #.............
........#### #.........####
........# #......##.# ........#
######## ........# ........#


You could see an orc priest and an orc.

Vanquished Creatures
  A worker ant (D:3)
  5 adders
  4 dart slugs
  A leopard gecko (D:1)
  9 orcs
  4 giant cockroaches
  2 gnoll zombies (D:2)
  3 goblins (D:3)
  6 hobgoblins
  3 jackals (D:3)
  A ball python (D:2)
  3 bats
  3 frilled lizards
  8 kobolds
53 creatures vanquished.

Notes
Turn   | Place    | Note
-------+----------+-------------------------------------------
     0 | D:1      | MachJacob the Draconian Skald began the quest for the Orb.
     0 | D:1      | Reached XP level 1. HP: 17/17 MP: 3/3
   491 | D:1      | Reached XP level 2. HP: 25/25 MP: 0/5
  1120 | D:2      | Found a shadowy altar of Dithmenos.
  1269 | D:2      | Found a snail-covered altar of Cheibriados.
  1393 | D:2      | Reached XP level 3. HP: 30/30 MP: 6/6
  1437 | D:2      | Found a blossoming altar of Fedhas.
  1608 | D:2      | Found a basalt altar of Yredelemnul.
  1617 | D:2      | Became a worshipper of Yredelemnul the Dark
  1682 | D:2      | Found an ornate altar of the Wu Jian Council.
  2184 | D:3      | Reached XP level 4. HP: 38/38 MP: 4/7
  2537 | D:3      | Reached * piety under Yredelemnul
  2582 | D:3      | Learned a level 2 spell: Song of Slaying
  2586 | D:3      | Learned a level 3 spell: Regeneration
  2761 | D:3      | HP: 1/38 [orc/+0 hand axe (1)]
  2764 | D:3      | Reached XP level 5. HP: 1/45 MP: 1/9
  2767 | D:3      | Succumbed to a worker ant's poison

Skill      XL: |  1  2  3  4 |
---------------+-------------+-----
Charms         | 3 |  3.4
Fighting       | 3 |  3.3
Polearms       | 3 |  3.1
Dodging        | |  2.1
Spellcasting   | |  2.9
Necromancy     | |  0.4

Action                   |  1- 3 |  4- 6 || total
-------------------------+-------+-------++-------
Melee: Spear             |   138 |    88 ||   226
       Tailslap          |     8 |     6 ||    14
 Fire: Hunting sling     |     5 |     9 ||    14
 Cast: Infusion          |     7 |     1 ||     8
       Song of Slaying   |       |     1 ||     1
 Stab: Sleeping          |     1 |       ||     1
  Eat: Chunk             |     4 |     2 ||     6
Armor: Skin              |    40 |    26 ||    66
Dodge: Dodged            |    69 |    46 ||   115
